HSSL
ROCKY POINT HS EAGLES @ BISHOP VEROT HS
04/21/2029
 
TOP OF THE 1ST
Rocky Point HS Eagles batting - Pitching for Bishop Verot HS : RHP Ernie Brown
Pitching: RHP Ernie Brown
Batting: RHB Corey Martin 0-0: SINGLE (Groundball, 56) (infield hit)
Batting: RHB Glen Williams 0-0: Ball
1-0: Foul Ball, location: 2F
1-1: Foul Ball, location: 2F
1-2: Foul Ball, location: 2F
1-2: Ball
2-2: Hit by Pitch
Corey Martin to second
Batting: LHB Daryl Thomas 0-0: Ball
1-0: Ball
2-0: Called Strike
2-1: Called Strike
2-2: Fly out, F9 (Flyball, 9LD)
Runner from 2nd tags up, SAFE at 3rd, no throw
Batting: RHB Yan Gosselin 0-0: Fly out, F9 (Line Drive, 9LS)
Runner from 3rd tags up, SCORES, no throw
Batting: LHB Stanton Moore 0-0: Ball
1-0: Foul Ball, location: 2F
1-1: Foul Ball, location: 2F
1-2: Foul Ball, location: 2F
1-2: Ball
2-2: Ground out 3-1 (Groundball, 34)
Top of the 1st over - 1 run, 1 hit, 0 errors, 1 left on base; Rocky Point HS 1 - Bishop Verot HS 0
BOTTOM OF THE 1ST
Bishop Verot HS batting - Pitching for Rocky Point HS Eagles : RHP Michael Dunlap
Pitching: RHP Michael Dunlap
Batting: RHB Rafael Sánchez 0-0: Foul Ball, location: 2F
0-1: Ball
1-1: Ball
2-1: Ball
3-1: Foul Ball, location: 2F
3-2: Foul Ball, location: 2F
3-2: Foul Ball, location: 2F
3-2: Foul Ball, location: 2F
3-2: Base on Balls
Batting: LHB Mario Rodríguez 0-0: Ball
1-0: Called Strike
1-1: Ball
2-1: SINGLE (Groundball, 56D)
Rafael Sánchez to second
Batting: RHB Martin Davis 0-0: Ball
1-0: Foul Ball, location: 2F
1-1: Ball
2-1: Ball
3-1: Called Strike
3-2: Foul Ball, location: 2F
3-2: Base on Balls
Rafael Sánchez to third
Mario Rodríguez to second
Batting: LHB Mike MacNamara 0-0: Ball
1-0: Ball
2-0: Ball
3-0: Called Strike
3-1: Grounds into double play, 4-6-3 (Groundball, 4)
Rafael Sánchez scores
Mario Rodríguez to third
Batting: LHB Fred Peters 0-0: Foul Ball, location: 2F
0-1: Ball
1-1: Ground out 6-3 (Groundball, 6)
Bottom of the 1st over - 1 run, 1 hit, 0 errors, 1 left on base; Rocky Point HS 1 - Bishop Verot HS 1
TOP OF THE 2ND
Rocky Point HS Eagles batting - Pitching for Bishop Verot HS : RHP Ernie Brown
Batting: RHB Bud Manning 0-0: Ball
1-0: Swinging Strike
1-1: Swinging Strike
1-2: Foul Ball, location: 2F
1-2: Strikes out swinging, 2-3 out at first.
Batting: RHB Robby Dunbar 0-0: Ball
1-0: Ball
2-0: Ball
3-0: Called Strike
3-1: Base on Balls
Batting: RHB Cornell Clark 0-0: Swinging Strike
0-1: Swinging Strike
0-2: Grounds into double play, 6-4-3 (Groundball, 6)
Top of the 2nd over - 0 runs, 0 hits, 0 errors, 0 left on base; Rocky Point HS 1 - Bishop Verot HS 1
BOTTOM OF THE 2ND
Bishop Verot HS batting - Pitching for Rocky Point HS Eagles : RHP Michael Dunlap
Batting: RHB Ken O'Quinn 0-0: SINGLE (Line Drive, 6M)
Batting: SHB Paul Johnson 0-0: Ball
1-0: Grounds into double play, 1-4-3 (Groundball, 15)
Batting: RHB Adam Trujillo 0-0: SINGLE (Groundball, 6MD)
Batting: RHB Frank Rangel 0-0: Swinging Strike
0-1: Foul Ball, location: 2F
0-2: Ball
1-2: Foul Ball, location: 2F
1-2: Foul Ball, location: 2F
1-2: Strikes out swinging
Bottom of the 2nd over - 0 runs, 2 hits, 0 errors, 1 left on base; Rocky Point HS 1 - Bishop Verot HS 1
TOP OF THE 3RD
Rocky Point HS Eagles batting - Pitching for Bishop Verot HS : RHP Ernie Brown
Batting: RHB Vincent Turner 0-0: Called Strike
0-1: Ground out 6-3 (Groundball, 6)
Batting: RHB Corey Martin 0-0: Foul Ball, location: 2F
0-1: Called Strike
0-2: Strikes out swinging
Batting: RHB Glen Williams 0-0: Called Strike
0-1: Called Strike
0-2: Foul Ball, location: 2F
0-2: Hit by Pitch
Batting: LHB Daryl Thomas 0-0: Ball
1-0: Ball
2-0: Foul Ball, location: 2F
2-1: Ball
3-1: Called Strike
3-2: Base on Balls
Glen Williams to second
Batting: RHB Yan Gosselin 0-0: Called Strike
0-1: Foul Ball, location: 2F
0-2: Fielders Choice at 2nd, 6-4 (Groundball, 6)
Top of the 3rd over - 0 runs, 0 hits, 0 errors, 2 left on base; Rocky Point HS 1 - Bishop Verot HS 1
BOTTOM OF THE 3RD
Bishop Verot HS batting - Pitching for Rocky Point HS Eagles : RHP Michael Dunlap
Batting: RHB Rafael Sánchez 0-0: Ball
1-0: Foul Ball, location: 2F
1-1: Ball
2-1: Foul Ball, location: 2F
2-2: Foul Ball, location: 2F
2-2: SINGLE (Groundball, 56S) (infield hit)
Batting: LHB Mario Rodríguez 0-0: Called Strike
0-1: Ball
1-1: Ball
2-1: Ball
3-1: Base on Balls
Rafael Sánchez to second
Batting: RHB Martin Davis 0-0: Foul Ball, location: 2F
0-1: Foul Ball, location: 2F
0-2: Ball
1-2: Ball
2-2: Fly out, F2 (Popup, 15S)
Batting: LHB Mike MacNamara 0-0: Called Strike
0-1: Ball
1-1: Swinging Strike
1-2: Ball
2-2: Ball
3-2: Strikes out swinging
Batting: LHB Fred Peters 0-0: Swinging Strike
0-1: Foul Ball, location: 2F
0-2: Ball
1-2: Ball
2-2: Strikes out swinging
Bottom of the 3rd over - 0 runs, 1 hit, 0 errors, 2 left on base; Rocky Point HS 1 - Bishop Verot HS 1
TOP OF THE 4TH
Rocky Point HS Eagles batting - Pitching for Bishop Verot HS : RHP Ernie Brown
Batting: LHB Stanton Moore 0-0: Ball
1-0: Swinging Strike
1-1: Ball
2-1: Swinging Strike
2-2: Strikes out swinging
Batting: RHB Bud Manning 0-0: Called Strike
0-1: Foul Ball, location: 2F
0-2: Ball
1-2: Ball
2-2: Foul Ball, location: 2F
2-2: Foul Ball, location: 2F
2-2: Ball
3-2: Strikes out looking
Batting: RHB Robby Dunbar 0-0: Fly out, F3 (Popup, 3SF)
Top of the 4th over - 0 runs, 0 hits, 0 errors, 0 left on base; Rocky Point HS 1 - Bishop Verot HS 1
BOTTOM OF THE 4TH
Bishop Verot HS batting - Pitching for Rocky Point HS Eagles : RHP Michael Dunlap
Batting: RHB Ken O'Quinn 0-0: Foul Ball, location: 2F
0-1: Fly out, F7 (Flyball, 7LM)
Batting: SHB Paul Johnson 0-0: Called Strike
0-1: Swinging Strike
0-2: Ball
1-2: Foul Ball, location: 2F
1-2: Ball
2-2: Foul Ball, location: 2F
2-2: Strikes out swinging
Batting: RHB Adam Trujillo 0-0: Ball
1-0: Called Strike
1-1: Ball
2-1: Swinging Strike
2-2: Ball
3-2: Strikes out swinging
Bottom of the 4th over - 0 runs, 0 hits, 0 errors, 0 left on base; Rocky Point HS 1 - Bishop Verot HS 1
TOP OF THE 5TH
Rocky Point HS Eagles batting - Pitching for Bishop Verot HS : RHP Ernie Brown
Batting: RHB Cornell Clark 0-0: DOUBLE (Groundball, 5L)
Batting: RHB Vincent Turner 0-0: Ball
1-0: Called Strike
1-1: Foul Ball, location: 2F
1-2: Strikes out looking
Batting: RHB Corey Martin 0-0: Ball
1-0: Called Strike
1-1: SINGLE (Line Drive, 7S)
Cornell Clark to third
Runner from 3rd tries for Home, SAFE, throw made home
Batting: RHB Glen Williams 0-0: Foul Ball, location: 2F
0-1: Ball
1-1: Ground out 4-3 (Groundball, 4S)
Corey Martin to second
Batting: LHB Daryl Thomas 0-0: Called Strike
0-1: Called Strike
0-2: Fly out, F6 (Line Drive, 6)
Top of the 5th over - 1 run, 2 hits, 0 errors, 1 left on base; Rocky Point HS 2 - Bishop Verot HS 1
BOTTOM OF THE 5TH
Bishop Verot HS batting - Pitching for Rocky Point HS Eagles : RHP Michael Dunlap
Pitching: RHP Mark Thompson
Batting: RHB Frank Rangel 0-0: Ball
1-0: Ball
2-0: Ball
3-0: Base on Balls
Batting: RHB Rafael Sánchez 0-0: Ball
1-0: Foul Ball, location: 2F
1-1: DOUBLE (Flyball, 8LD)
Frank Rangel to third
Batting: LHB Mario Rodríguez 0-0: Swinging Strike
0-1: Called Strike
0-2: Strikes out looking
Batting: RHB Martin Davis 0-0: Ball
1-0: Ball
2-0: Ball
3-0: Called Strike
3-1: Swinging Strike
3-2: Base on Balls
Batting: LHB Mike MacNamara 0-0: Reached on error, E9 (Flyball, 89D)
Frank Rangel scores
Rafael Sánchez to third
Martin Davis to second
Batting: LHB Fred Peters 0-0: Ball
1-0: Swinging Strike
1-1: Swinging Strike
1-2: Strikes out looking
Batting: RHB Ken O'Quinn 0-0: Swinging Strike
0-1: Swinging Strike
0-2: Foul Ball, location: 2F
0-2: Foul Ball, location: 2F
0-2: Ball
1-2: Ball
2-2: Ball
3-2: Fly out, F3 (Popup, 3F)
Bottom of the 5th over - 1 run, 1 hit, 1 error, 3 left on base; Rocky Point HS 2 - Bishop Verot HS 2
TOP OF THE 6TH
Rocky Point HS Eagles batting - Pitching for Bishop Verot HS : RHP Ernie Brown
Batting: RHB Yan Gosselin 0-0: Ball
1-0: Ball
2-0: Foul Ball, location: 2F
2-1: SINGLE (Line Drive, 4D)
Pitching: RHP John Conner
Batting: LHB Stanton Moore 0-0: Swinging Strike
0-1: Ball
1-1: Foul Ball, location: 2F
1-2: Strikes out swinging
Batting: RHB Bud Manning 0-0: Called Strike
0-1: SINGLE (Flyball, 7S)
Yan Gosselin to second
Batting: RHB Robby Dunbar 0-0: Ball
1-0: Ball
2-0: DOUBLE (Flyball, 89D)
Yan Gosselin scores
Bud Manning to third
Batting: RHB Cornell Clark 0-0: Ball
1-0: Called Strike
1-1: Ball
2-1: Swinging Strike
2-2: Foul Ball, location: 2F
2-2: Strikes out looking
Batting: RHB Vincent Turner 0-0: Ball
1-0: Ground out 1-3 (Groundball, P)
Top of the 6th over - 1 run, 3 hits, 0 errors, 2 left on base; Rocky Point HS 3 - Bishop Verot HS 2
BOTTOM OF THE 6TH
Bishop Verot HS batting - Pitching for Rocky Point HS Eagles : RHP Mark Thompson
Batting: SHB Paul Johnson 0-0: Called Strike
0-1: Fly out, F7 (Flyball, 78S)
Batting: RHB Adam Trujillo 0-0: Ball
1-0: Called Strike
1-1: Foul Ball, location: 2F
1-2: Strikes out swinging
Batting: RHB Frank Rangel 0-0: Called Strike
0-1: Ball
1-1: SINGLE (Groundball, 6MD)
Batting: RHB Rafael Sánchez 0-0: Called Strike
0-1: Ball
1-1: Ball
2-1: Called Strike
2-2: Ball
3-2: Foul Ball, location: 2F
3-2: 2-RUN HOME RUN (Flyball, 9D), Distance : 359 ft
Batting: LHB Mario Rodríguez 0-0: Ball
1-0: Ball
2-0: Called Strike
2-1: Ball
3-1: Base on Balls
Batting: RHB Martin Davis 0-0: Called Strike
0-1: Ball
1-1: Swinging Strike
1-2: Strikes out swinging
Bottom of the 6th over - 2 runs, 2 hits, 0 errors, 1 left on base; Rocky Point HS 3 - Bishop Verot HS 4
TOP OF THE 7TH
Rocky Point HS Eagles batting - Pitching for Bishop Verot HS : RHP John Conner
Batting: RHB Corey Martin 0-0: Ball
1-0: Ball
2-0: Called Strike
2-1: Swinging Strike
2-2: Foul Ball, location: 2F
2-2: Ball
3-2: Base on Balls
Batting: RHB Glen Williams 0-0: Bunt missed!
0-1: Bunted foul
0-2: Foul Ball, location: 2F
0-2: Foul Ball, location: 2F
0-2: Foul Ball, location: 2F
0-2: Ball
1-2: Ball
2-2: Foul Ball, location: 2F
2-2: Foul Ball, location: 2F
2-2: SINGLE (Line Drive, 7LS)
Corey Martin to second
Pitching: LHP Jon Hudson
Batting: LHB Daryl Thomas 0-0: Foul Ball, location: 2F
0-1: Called Strike
0-2: Ball
1-2: Foul Ball, location: 2F
1-2: SINGLE (Flyball, 7LS)
Corey Martin to third
Glen Williams to second
Runner from 3rd tries for Home, SAFE, throw made home
Pitching: RHP José García
Batting: RHB Yan Gosselin 0-0: Swinging Strike
0-1: Ball
1-1: SINGLE (Groundball, 6MD)
Glen Williams to third
Daryl Thomas to second
Batting: LHB Stanton Moore 0-0: Ball
1-0: Called Strike
1-1: Called Strike
1-2: Hit by Pitch
Glen Williams scores
Daryl Thomas to third
Yan Gosselin to second
Pinch Hitting: RHB Sam McWalter 0-0: Swinging Strike
0-1: Called Strike
0-2: Strikes out swinging
Batting: RHB Robby Dunbar 0-0: Called Strike
0-1: Ball
1-1: Ball
2-1: Called Strike
2-2: Ball
3-2: Base on Balls
Daryl Thomas scores
Yan Gosselin to third
Stanton Moore to second
Batting: RHB Cornell Clark 0-0: Called Strike
0-1: Ball
1-1: Ball
2-1: Ball
3-1: Base on Balls
Yan Gosselin scores
Stanton Moore to third
Robby Dunbar to second
Batting: RHB Vincent Turner 0-0: Ball
1-0: Called Strike
1-1: Ball
2-1: Ball
3-1: Fly out, F7 (Flyball, 78S)
Batting: RHB Corey Martin 0-0: Called Strike
0-1: Ball
1-1: Swinging Strike
1-2: Foul Ball, location: 2F
1-2: Ball
2-2: Ball
3-2: Base on Balls
Stanton Moore scores
Robby Dunbar to third
Cornell Clark to second
Batting: RHB Glen Williams 0-0: Fielders Choice at 2nd, 6-4 (Groundball, 6)
Top of the 7th over - 5 runs, 3 hits, 0 errors, 3 left on base; Rocky Point HS 8 - Bishop Verot HS 4
BOTTOM OF THE 7TH
Bishop Verot HS batting - Pitching for Rocky Point HS Eagles : LHP Brian Goulet
Pitching: LHP Brian Goulet
Now at 2B: Liam Simons
Batting: LHB Mike MacNamara 0-0: Ball
1-0: Ground out 1-3 (Groundball, 13)
Batting: LHB Fred Peters 0-0: Ball
1-0: Swinging Strike
1-1: Ball
2-1: Swinging Strike
2-2: Foul Ball, location: 2F
2-2: Foul Ball, location: 2F
2-2: Foul Ball, location: 2F
2-2: Foul Ball, location: 2F
2-2: Ball
3-2: Foul Ball, location: 2F
3-2: Base on Balls
Batting: RHB Ken O'Quinn 0-0: Ball
1-0: Swinging Strike
1-1: Fly out, F9 (Flyball, 89M)
Batting: SHB Paul Johnson 0-0: Called Strike
0-1: Foul Ball, location: 2F
0-2: Foul Ball, location: 2F
0-2: SINGLE (Groundball, 6D)
Fred Peters to second
Batting: RHB Adam Trujillo 0-0: Ball
1-0: Ball
2-0: Foul Ball, location: 2F
2-1: Ball
3-1: Foul Ball, location: 2F
3-2: Fly out, F5 (Line Drive, 5)
Bottom of the 7th over - 0 runs, 1 hit, 0 errors, 2 left on base; Rocky Point HS 8 - Bishop Verot HS 4
TOP OF THE 8TH
Rocky Point HS Eagles batting - Pitching for Bishop Verot HS : RHP José García
Batting: LHB Daryl Thomas 0-0: Swinging Strike
0-1: Called Strike
0-2: Strikes out looking
Batting: RHB Yan Gosselin 0-0: Foul Ball, location: 2F
0-1: Foul Ball, location: 2F
0-2: Ball
1-2: Ground out 3-1 (Groundball, 34S)
Batting: LHB Stanton Moore 0-0: Called Strike
0-1: Ball
1-1: Swinging Strike
1-2: Ball
2-2: Foul Ball, location: 2F
2-2: Strikes out swinging
Top of the 8th over - 0 runs, 0 hits, 0 errors, 0 left on base; Rocky Point HS 8 - Bishop Verot HS 4
BOTTOM OF THE 8TH
Bishop Verot HS batting - Pitching for Rocky Point HS Eagles : LHP Brian Goulet
Batting: RHB Frank Rangel 0-0: Swinging Strike
0-1: Ground out 4-3 (Groundball, 4)
Batting: RHB Rafael Sánchez 0-0: Ball
1-0: Foul Ball, location: 2F
1-1: Fly out, F3 (Line Drive, 3)
Batting: LHB Mario Rodríguez 0-0: Called Strike
0-1: Foul Ball, location: 2F
0-2: Ball
1-2: Ball
2-2: Ball
3-2: Base on Balls
Batting: RHB Martin Davis 0-0: Foul Ball, location: 2F
0-1: Swinging Strike
0-2: Ball
1-2: Ball
2-2: SINGLE (Groundball, 34D)
Mario Rodríguez to second
Runner from 2nd tries for 3rd, SAFE, throw made to third
Batting: LHB Mike MacNamara 0-0: Swinging Strike
0-1: Called Strike
0-2: Ball
1-2: Strikes out looking
Bottom of the 8th over - 0 runs, 1 hit, 0 errors, 2 left on base; Rocky Point HS 8 - Bishop Verot HS 4
TOP OF THE 9TH
Rocky Point HS Eagles batting - Pitching for Bishop Verot HS : RHP José García
Pitching: RHP Mike Wagner
Batting: RHB Liam Simons 0-0: Called Strike
0-1: Foul Ball, location: 2F
0-2: Ball
1-2: Ball
2-2: Ball
3-2: Strikes out looking
Batting: RHB Robby Dunbar 0-0: Ground out 5-3 (Groundball, 56)
Batting: RHB Cornell Clark 0-0: Ball
1-0: Called Strike
1-1: Foul Ball, location: 2F
1-2: Ball
2-2: Foul Ball, location: 2F
2-2: Strikes out swinging
Top of the 9th over - 0 runs, 0 hits, 0 errors, 0 left on base; Rocky Point HS 8 - Bishop Verot HS 4
BOTTOM OF THE 9TH
Bishop Verot HS batting - Pitching for Rocky Point HS Eagles : RHP Cam Burns
Pitching: RHP Cam Burns
Batting: LHB Fred Peters 0-0: Ball
1-0: Fly out, F7 (Flyball, 7)
Batting: RHB Ken O'Quinn 0-0: Ball
1-0: Ball
2-0: Ball
3-0: Base on Balls
Batting: SHB Paul Johnson 0-0: Ball
1-0: Fly out, F2 (Popup, 25F)
Batting: RHB Adam Trujillo 0-0: Called Strike
0-1: Ball
1-1: Swinging Strike
1-2: Foul Ball, location: 2F
1-2: Strikes out swinging
Bottom of the 9th over - 0 runs, 0 hits, 0 errors, 1 left on base; Rocky Point HS 8 - Bishop Verot HS 4
Saturday, December 16th, 2017 - OOTP Baseball 18.8 Build 76